 Dungeon Crawl Stone Soup version 0.29.1-15-g9cfb28693d (webtiles) character file.

Game seed: 12086971080563373282

816 javelincjr the Magician (level 8, -2/58 HPs)
             Began as a Djinni Conjurer on Mar 2, 2023.
             Slain by Duvessa
             ... wielding a +2 rapier of draining
              (17 damage)
             ... on level 3 of the Dungeon.
             The game lasted 00:14:36 (4351 turns).

javelincjr the Magician (Djinni Conjurer)           Turns: 4351, Time: 00:14:37

Health: -2/58      AC:  7    Str:  8    XL:     8   Next: 16%
Gold:   162        EV: 12    Int: 20    God:
                   SH:  0    Dex: 12

rFire   + + .      SeeInvis .   i - +0 hammer (protect)
rCold   . . .      Faith    .   g - orb {mayhem}
rNeg    . . .      Spirit   .   o - +2 leather armour {rC+}
rPois   ∞          Reflect  .   (no helmet)
rElec   .          Harm     .   w - +1 cloak {rCorr}
rCorr   +          Rampage  .   (no gloves)
Will    .....                   (boots unavailable)
Stlth   ++........              (no amulet)
HPRegen 0.19/turn               (no ring)
MPRegen 0.00/turn               (no ring)

@: flying, very slightly contaminated, studying Short Blades
A: sickness immunity, fire resistance 2, cold vulnerability 1, float, innate
caster, HP casting, extra vitality 1
a: no special abilities


You were on level 3 of the Dungeon.
You visited 1 branch of the dungeon, and saw 4 of its levels.

You collected 162 gold pieces.

Inventory:

Hand Weapons
 i - a +0 hammer of protection (weapon)
 r - a +3 quarterstaff of chaos
Armour
 g - an orb of mayhem (worn)
 o - a +2 leather armour of cold resistance (worn)
 s - a +0 cloak
 w - a +1 cloak of preservation (worn)
Scrolls
 a - a scroll of amnesia {unknown}
 b - a scroll of teleportation {unknown}
 f - a scroll of immolation {unknown}
 l - 3 scrolls of identify {unknown}
 p - a scroll of enchant weapon {unknown}
 q - a scroll of fear {unknown}
 t - a scroll of brand weapon {unknown}
 u - a scroll of fog {unknown}
 v - a scroll of torment {unknown}
Potions
 d - a potion of brilliance {unknown}
 e - 2 potions of curing {unknown}
 h - 2 potions of might
 j - a potion of haste {unknown}
 k - 2 potions of lignification {unknown}
 m - 2 potions of magic {unknown}
 n - a potion of resistance


   Skills:
 * Level 4.3 Fighting
 + Level 2.8 Armour
 + Level 4.1 Dodging
 + Level 3.4 Stealth
 * Level 4.7 Spellcasting


You couldn't memorise any spells.
You knew the following spells:

 Your Spells              Type           Power      Damage    Failure   Level
a - Magic Dart            Conj           92%        1d7       2%          1
b - Searing Ray           Conj           46%        2d6       3%          2
c - Dazzling Flash        Conj/Hex       46%        N/A       7%          3
d - Fulminant Prism       Conj/Hex       11%        3d9       24%         4
e - Iskenderun's Mystic   Conj/Tloc      23%        2d6       24%         4
f - Necrotise             Necr           92%        1d8       2%          1
g - Ensorcelled Hibernat  Hex/Ice        46%        N/A       3%          2
h - Gell's Gravitas       Tloc           23%        N/A       7%          3
Your spell library was empty.

Dungeon Overview and Level Annotations

Branches:
Dungeon (4/15)
 Temple: D:4-7

Altars:

Annotations:
D:3 Duvessa


Innate Abilities, Weirdness & Mutations

You are immune to sickness and miasma.
You are immune to poison.
Your flesh is very heat resistant. (rF++)
You are vulnerable to cold. (rC-)
You float through the air rather than walking.
You learn spells naturally, not from books.
Your magical power is your life essence.
You have superior vitality. (+4 MHP)


Message History

* * * LOW HITPOINT WARNING * * *
Your magical contamination has completely faded away.
Duvessa rages.
You fly upwards.
There is a stone staircase leading down here.
You start resting.
HP restored.
You fly downwards.
Level annotation: Duvessa Duvessa closely misses you.
Duvessa hits you but does no damage.
There is a stone staircase leading up here.
Casting: Iskenderun's Mystic Blast (quite dangerous; 24% risk of failure)
Confirm with . or Enter, or press ? or * to list all spells.
The spell is quite dangerous to miscast (24% risk of failure)!
Continue anyway?
You erupt in a blast of force!
The mystic blast hits Duvessa.
Duvessa is heavily wounded.
Duvessa is knocked back by the mystic blast.
A bullfrog skeleton comes into view.
Casting: Iskenderun's Mystic Blast (quite dangerous; 24% risk of failure)
Confirm with . or Enter, or press ? or * to list all spells.
The spell is quite dangerous to miscast (24% risk of failure)!
Continue anyway?
You miscast Iskenderun's Mystic Blast.
You are very lightly contaminated with residual magic.
Nothing appears to happen.
A bullfrog skeleton comes into view.
Casting: Iskenderun's Mystic Blast (quite dangerous; 24% risk of failure)
Confirm with . or Enter, or press ? or * to list all spells.
The spell is quite dangerous to miscast (24% risk of failure)!
Continue anyway?
You miscast Iskenderun's Mystic Blast.
You feel a strange surge of energy!
Duvessa hits you with a +2 rapier of draining.
Duvessa hits you with a +2 rapier of draining!
Duvessa hits you with a +2 rapier of draining!
* * * LOW HITPOINT WARNING * * *
You fly upwards.
There is a stone staircase leading down here.
You barely miss Duvessa.
Duvessa is heavily wounded.
Duvessa misses you.
Duvessa hits you with a +2 rapier of draining!
You die...

##...##.# ##.## ♣♣)
#####)###.# #.### ##[
#.).).....# #...# #.)
#.###.##########.#####
#). #.....#
#...........# #).
#..#### #.#####.#####
### #..# #.# #.# #..#
#.# #.# ### #..#
#@#####^# #.# #..#
#e#.....# #.# #..#
#.#.##### #.# #..#
##.#.########.#
##..######..........##<#
#.............#####.##.#
#..########.......>....#
#..### #.#.#####.####
#....# #.#.......#


You could see Duvessa (berserk).

Vanquished Creatures
  2 phantoms (D:4)
  2 water moccasin zombies (D:4)
  Dowan (D:4)
  A water moccasin skeleton (D:4)
  An orc priest (D:3)
  Crazy Yiuf (D:3)
  2 bullfrog skeletons (D:4)
  Jessica (D:2)
  Natasha (thrice) (D:3)
  A scorpion zombie (D:4)
  4 hound zombies (D:4)
  3 gnolls (D:3)
  7 adders
  An adder zombie (D:4)
  A worm (D:3)
  9 orcs
  5 endoplasms
  A giant cockroach (D:4)
  7 goblins
  5 hobgoblins
  4 kobolds
  3 quokkas
  8 ball pythons
  2 bats
  3 rats
78 creatures vanquished.

Vanquished Creatures (collateral kills)
  A hound zombie (D:4)
1 creature vanquished.

Vanquished Creatures (others)
  A fulminant prism (D:4)
1 creature vanquished.

Grand Total: 80 creatures vanquished

Notes
Turn   | Place    | Note
-------+----------+-------------------------------------------
     0 | D:1      | javelincjr the Djinni Conjurer began the quest for the Orb.
     0 | D:1      | javelincjr set off with the following spells memorised:
                  | Magic Dart, Searing Ray, Dazzling Flash, Fulminant Prism,
                  | Iskenderun's Mystic Blast.
     0 | D:1      | Reached XP level 1. HP: 15/15 MP: 0/0
   228 | D:1      | You are sucked into a shaft and drop 1 floor!
   238 | D:2      | Found a faded altar of an unknown god.
   249 | D:2      | Reached XP level 2. HP: 16/22 MP: 0/0
   440 | D:2      | Reached skill level 1 in Fighting
   440 | D:2      | Reached XP level 3. HP: 21/27 MP: 0/0
   440 | D:2      | Learned a level 1 spell: Necrotise
   918 | D:2      | Noticed Jessica
   923 | D:2      | Killed Jessica
   924 | D:2      | Reached XP level 4. HP: 26/32 MP: 0/0
  1022 | D:2      | Reached skill level 1 in Armour
  1617 | D:3      | Noticed Natasha
  1622 | D:3      | Killed Natasha
  1623 | D:3      | Reached XP level 5. HP: 29/38 MP: 0/0
  1623 | D:3      | Learned a level 2 spell: Ensorcelled Hibernation
  2203 | D:3      | Noticed Natasha
  2208 | D:3      | Killed Natasha
  2209 | D:3      | Reached XP level 6. HP: 32/45 MP: 0/0
  2333 | D:3      | Noticed Natasha
  2336 | D:3      | Killed Natasha
  2639 | D:3      | Found a runed translucent door.
  2640 | D:3      | Noticed Crazy Yiuf
  2650 | D:3      | Killed Crazy Yiuf
  2983 | D:4      | Reached XP level 7. HP: 34/50 MP: 0/0
  2983 | D:4      | Learned a level 3 spell: Gell's Gravitas
  3213 | D:4      | HP: 1/51 [frozen (5)]
  3430 | D:4      | Noticed Dowan
  3699 | D:4      | Reached XP level 8. HP: 40/58 MP: 0/0
  3953 | D:4      | Noticed Duvessa
  4095 | D:4      | Killed Dowan
  4351 | D:3      | Slain by Duvessa

Illustrated notes

Levels and vault maps discovered:
D:1:      nicolae_arrival_somewhat_less_tricky_arrival, layout_loops_cross,
          hex_medium
D:2:      layout_loops_ring, ebering_ecumenical_altar_rust, uniq_jessica
D:3:      layout_loops_ring, uniq_natasha, uniq_crazy_yiuf_cottage
D:4:      layout_layer_cave, serial_undead, serial_undead_c, serial_undead_f,
          serial_undead_c, serial_undead_e, serial_undead_d, serial_undead_a,
          serial_undead_d, minmay_manual_macuahuitl, uniq_duvessa

Skill      XL: |  1  2  3  4  5  6  7 |
---------------+----------------------+-----
Fighting       | 1 2 3 4 |  4.3
Stealth        | 2 3 |  3.4
Armour         | 1 2 |  2.8
Dodging        | 3 4 |  4.1
Spellcasting   | 4 |  4.7

Action                   |  1- 3 |  4- 6 |  7- 9 || total
-------------------------+-------+-------+-------++-------
Melee: Mace              |       |    20 |    18 ||    38
 Cast: Magic Dart        |    39 |    58 |    22 ||   119
       Iskenderun's Myst |       |     1 |     9 ||    10
       Searing Ray       |       |    12 |    10 ||    22
       Necrotise         |       |       |     2 ||     2
       Fulminant Prism   |       |       |     1 ||     1
  Use: Potion            |       |       |     3 ||     3
Armor: Robe              |     1 |     1 |       ||     2
       Leather armour    |       |    23 |    18 ||    41
Dodge: Dodged            |     9 |    27 |    34 ||    70
